 Dungeon Crawl Stone Soup version 0.29-a0-824-gd827844252 (webtiles) character file.

Game seed: 17086993223893717801

840 CAMOKATEP the Cleaver (level 8, -1/70 HPs)
             Began as a Hill Orc Monk on July 9, 2022.
             Slain by an iguana (8 damage)
             ... on level 5 of the Dungeon.
             The game lasted 00:30:38 (6489 turns).

CAMOKATEP the Cleaver (Hill Orc Monk)               Turns: 6489, Time: 00:30:39

Health: -1/70      AC: 12    Str: 19 (22) XL:     8   Next: 0%
Magic:  8/8        EV:  9    Int: 16      God:
Gold:   279        SH:  0    Dex: 13      Spells: 7/7 levels left

rFire   + + .      SeeInvis .   t - +1 hand axe (vamp)
rCold   x . .      Faith    .   k - +0 buckler
rNeg    . . .      Spirit   .   p - +0 fire dragon scales
rPois   .          Reflect  .   (no helmet)
rElec   .          Harm     .   h - +1 cloak
rCorr   .          Rampage  .   l - +0 pair of gloves
Will    .....                   (no boots)
Stlth   ..........              (no amulet)
HPRegen 0.21/turn               m - +6 ring of intelligence
MPRegen 0.11/turn               o - +6 ring of strength

@: confused, ambrosia-drunk
A: deterioration 1
a: no special abilities


You were on level 5 of the Dungeon.
You visited 1 branch of the dungeon, and saw 5 of its levels.
You also visited: Ossuary.

You collected 279 gold pieces.

Inventory:

Hand Weapons
 e - a +2 whip of holy wrath
 s - a +4 quarterstaff of chaos
 t - a +1 vampiric hand axe (weapon)
 z - a +0 war axe
Armour
 g - a +0 plate armour
 h - a +1 cloak (worn)
 k - a +0 buckler (worn)
 l - a +0 pair of gloves (worn)
 p - +0 fire dragon scales (worn)
Jewellery
 m - a +6 ring of intelligence (left hand)
 o - a +6 ring of strength (right hand)
Wands
 r - a wand of quicksilver (5)
 B - a wand of polymorph (11)
 C - a wand of mindburst (14)
Scrolls
 b - a scroll of teleportation
 d - 2 scrolls of fear
 f - a scroll of silence
 i - a scroll of amnesia
 j - a scroll of fog
 n - 5 scrolls of torment
 q - a scroll of enchant armour {unknown}
 u - a scroll of poison {unknown}
 w - a scroll of noise {unknown}
 x - 2 scrolls of magic mapping {unknown}
 y - a scroll of enchant weapon {unknown}
 A - a scroll of immolation {unknown}
Potions
 a - 3 potions of brilliance
 c - 2 potions of ambrosia
 v - 2 potions of haste


   Skills:
 + Level 5.9 Fighting
 * Level 8.4 Axes
 + Level 4.0 Armour
 - Level 2.4 Dodging
 - Level 1.5 Stealth
 + Level 3.6 Shields


You had 7 spell levels left.
You didn't know any spells.
Your spell library contained the following spells:

 Spells                   Type           Power      Damage    Failure   Level
 Beastly Appendage        Tmut           0%         N/A       77%         1
 Wereblood                Tmut           0%         N/A       88%         2
 Spider Form              Tmut/Pois      0%         N/A       98%         3


Dungeon Overview and Level Annotations

Branches:
Dungeon (5/15)            Ossuary (visited)
 Temple: D:4-7

Altars:
Makhleb
Vehumet


Innate Abilities, Weirdness & Mutations

Your body sometimes deteriorates upon taking damage.


Message History

The iguana is almost dead.
You hit the iguana.
The iguana bites you but does no damage.
The iguana bites you.
* * * LOW HITPOINT WARNING * * *
You hit the iguana but do no damage.
The iguana is almost dead.
You closely miss the iguana. You block the iguana's attack.
The iguana completely misses you.
You hit the iguana but do no damage.
The iguana is almost dead.
You closely miss the iguana. The iguana bites you.
* * * LOW HITPOINT WARNING * * *
The iguana bites you.
* * * LOW HITPOINT WARNING * * *
You hit the iguana but do no damage.
The iguana is almost dead.
You hit the iguana. You block the iguana's attack. The iguana bites you.
* * * LOW HITPOINT WARNING * * *
You closely miss the iguana.
The iguana is almost dead.
You hit the iguana. The iguana bites you.
* * * LOW HITPOINT WARNING * * *
The iguana barely misses you.
You hit the iguana but do no damage.
The iguana is almost dead.
You hit the iguana but do no damage. The iguana bites you.
* * * LOW HITPOINT WARNING * * *
The iguana barely misses you.
You barely miss the iguana.
The iguana is almost dead.
You barely miss the iguana. The iguana closely misses you.
The iguana barely misses you.
You are confused.
You feel invigorated. The iguana bites you.
* * * LOW HITPOINT WARNING * * *
The iguana bites you but does no damage.
The iguana bites you but does no damage.
The iguana bites you!
You die...

######......#..........#.###
#... # #......#.#..##..##..
#...
#######.#.#.#.#.....###.#
##.#
#.............#..######. #.#
...................
....######.#
................#.#
#.(.........
#..........#.†.##.#
#.######....
#####....###.#..).#
#.###..).#.#
#....#..##).###@)#
#.#...####.# #.###......##
#ll####...### #.# ..
#...##.### ##o##....## #.# .
#..#. #.# ###......##### #.#
#.#.. #.#
#.......g.lO.####.# #..#.#
#.. ........######.Y....# ..
.. ... .#......# #.g....# ..
#### #...#.## #g.....#
#...#. ##.....#


You could see 2 iguanas and an orc.

Vanquished Creatures
  Menkaure (D:4)
  A scorpion (D:5)
  A crimson imp (D:4)
  A jelly (D:5)
  3 orc priests
  Crazy Yiuf (D:3)
  A gnoll bouda (D:5)
  Jessica (D:2)
  Ijyb (D:5)
  Natasha (thrice) (D:3)
  4 mummies (Ossuary)
  4 gnolls (D:5)
  9 adders
  A white imp (D:5)
  A worm (D:2)
  6 dart slugs
  7 orcs
  4 bats
  8 endoplasms
  3 giant cockroaches
  5 gnoll zombies (Ossuary)
  9 hobgoblins
  4 jackals (D:1)
  3 quokkas
  9 ball pythons
  3 frilled lizards
  3 gnoll skeletons (Ossuary)
  5 goblins
  5 goblin skeletons (Ossuary)
  4 goblin zombies (Ossuary)
  4 hobgoblin skeletons (Ossuary)
  5 hobgoblin zombies (Ossuary)
  5 kobolds
  7 kobold skeletons (Ossuary)
  4 kobold zombies (Ossuary)
  An orc skeleton (Ossuary)
  2 orc zombies (Ossuary)
  9 rats
  5 rat skeletons (Ossuary)
  5 rat zombies (Ossuary)
158 creatures vanquished.

Vanquished Creatures (others)
  An orc (D:4)
1 creature vanquished.

Grand Total: 159 creatures vanquished

Notes
Turn   | Place    | Note
-------+----------+-------------------------------------------
     0 | D:1      | CAMOKATEP the Hill Orc Monk began the quest for the Orb.
     0 | D:1      | Reached XP level 1. HP: 19/19 MP: 1/1
   162 | D:1      | Reached XP level 2. HP: 21/27 MP: 2/2
   326 | D:1      | Reached skill level 1 in Armour
   700 | D:1      | Reached XP level 3. HP: 26/33 MP: 3/3
  1016 | D:2      | Reached skill level 5 in Axes
  1416 | D:2      | Noticed Jessica
  1421 | D:2      | Killed Jessica
  1422 | D:2      | Reached XP level 4. HP: 37/40 MP: 4/4
  1501 | D:2      | You fall into a shaft and drop 1 floor!
  1596 | D:3      | Reached skill level 1 in Shields
  2178 | D:3      | Reached XP level 5. HP: 47/47 MP: 5/5
  2513 | D:3      | Noticed Natasha
  2530 | D:3      | Killed Natasha
  2531 | D:3      | Reached skill level 6 in Axes
  2735 | D:3      | Noticed Natasha
  2747 | D:3      | Killed Natasha
  2963 | D:3      | Found a runed translucent door.
  2964 | D:3      | Noticed Crazy Yiuf
  3067 | D:3      | Noticed Natasha
  3080 | D:3      | Killed Natasha
  3081 | D:3      | Reached XP level 6. HP: 49/55 MP: 6/6
  3116 | D:3      | Gained mutation: Your body sometimes deteriorates upon
                  | taking damage. [potion of mutation]
  3418 | D:3      | Killed Crazy Yiuf
  3718 | D:4      | Found a sand-covered staircase.
  3723 | Ossuary  | Entered an ossuary
  4084 | Ossuary  | Reached skill level 5 in Fighting
  4521 | D:4      | Reached skill level 7 in Axes
  4609 | D:4      | Noticed Menkaure
  4858 | D:4      | Killed Menkaure
  4859 | D:4      | Reached XP level 7. HP: 61/61 MP: 7/7
  5606 | D:4      | Found a burning altar of Makhleb.
  5607 | D:4      | Found a radiant altar of Vehumet.
  5979 | D:5      | Entered Level 5 of the Dungeon
  6004 | D:5      | Reached skill level 8 in Axes
  6157 | D:5      | Noticed a two-headed ogre
  6159 | D:5      | Noticed Ijyb
  6421 | D:5      | Killed Ijyb
  6480 | D:5      | Reached XP level 8. HP: 25/70 MP: 8/8
  6486 | D:5      | HP: 2/70 [iguana (6)]
  6489 | D:5      | Slain by an iguana

Illustrated notes

Levels and vault maps discovered:
D:1:      grunt_arrival_crossed_arrows, layout_loops_ring
D:2:      layout_basic, uniq_jessica
D:3:      layout_loops_corners, uniq_natasha, uniq_crazy_yiuf_cottage
D:4:      layout_basic, grunt_temple_overflow_lords_of_destruction,
          enter_ossuary_2, uniq_menkaure
D:5:      layout_rooms, ebering_ghost_sewer_f, uniq_ijyb

Skill      XL: |  1  2  3  4  5  6  7 |
---------------+----------------------+-----
Armour         | 1 2 3 4 |  4.0
Fighting       | 4 5 |  5.9
Axes           | 5 6 7 8 |  8.4
Shields        | 1 2 3 |  3.6
Dodging        | |  2.4
Stealth        | |  1.5

Action                   |  1- 3 |  4- 6 |  7- 9 || total
-------------------------+-------+-------+-------++-------
Melee: Hand axe          |   113 |   348 |   130 ||   591
  Use: Potion            |     2 |     9 |     2 ||    13
       Scroll            |       |     6 |     2 ||     8
 Stab: Sleeping          |     7 |       |       ||     7
Armor: Robe              |     4 |       |       ||     4
       Plate armour      |    29 |    56 |       ||    85
       Fire dragon scale |       |    89 |    68 ||   157
Dodge: Dodged            |    45 |    94 |    47 ||   186
Block: Buckler           |     2 |    46 |    29 ||    77

Table legend: (Time is in decaauts)
 A = Elapsed time spent in this place.
 B = Non-inter-level travel time spent in this place.
 C = Inter-level travel time spent in this place.
 D = Time resting spent in this place.
 E = Time spent auto-exploring this place.
 F = Levels seen in this place.
 G = Mean time per level.
                   A        B        C        D        E       F      G
               +--------+--------+--------+--------+--------+-----+--------+
         Total |   6485 |   5699 |    786 |   1193 |   3302 |   6 | 1080.8 |
       Dungeon |   5785 |   4999 |    786 |    964 |   3075 |   5 | 1157.0 |
       Ossuary |    699 |    699 |      0 |    229 |    227 |   1 |  699.0 |
               +--------+--------+--------+--------+--------+-----+--------+

Top non-repeatable levels by time:
     D:3: 2266 daAuts
     D:4: 1237 daAuts
     D:2: 1104 daAuts
     D:1: 876 daAuts
 Ossuary: 699 daAuts
     D:5: 300 daAuts
